[Event "ICC tourney 2087 (3 2)"]
[Site "Internet Chess Club"]
[Date "2020.10.30"]
[Round "1"]
[White "cjconstantine"]
[Black "funplaychess"]
[Result "0-1"]
[ICCResult "White resigns"]
[WhiteElo "1329"]
[BlackElo "1573"]
[Opening "Grob's attack"]
[ECO "A00"]
[NIC "VO.11"]
[Time "20:03:00"]
[TimeControl "180+2"]

1. g4 d5 2. g5 e5 3. d4 exd4 4. f4 c5 5. Nf3 Nc6 6. h4 Bg4 7. Bh3 Bxh3 8.
Rxh3 h6 9. Rg3 hxg5 10. fxg5 Nge7 11. Bf4 Ng6 12. Qd2 Nxf4 13. Qxf4 Bd6 14.
Qg4 Bxg3+ 15. Qxg3 Qb8 16. Qg4 Qd6 17. Nbd2 Qe6 18. O-O-O Qxg4 {White
resigns} 0-1

[Event "ICC tourney 2087 (3 2)"]
[Site "Internet Chess Club"]
[Date "2020.10.30"]
[Round "1"]
[White "Openyagami"]
[Black "IndianTerritory"]
[Result "1-0"]
[ICCResult "Black resigns"]
[WhiteElo "2720"]
[BlackElo "1787"]
[Opening "Réti opening"]
[ECO "A11"]
[NIC "QP.11"]
[Time "20:02:49"]
[TimeControl "180+2"]

1. Nf3 c6 2. c4 d5 3. e3 dxc4 4. Bxc4 Nf6 5. O-O Bg4 6. Bxf7+ Kxf7 7. Ne5+
Kg8 8. Nxg4 Nxg4 9. Qxg4 Qd7 10. Qg3 e6 11. d4 Bd6 12. Qg4 h5 13. Qh3 e5 14.
Qh4 Be7 15. Qe4 exd4 16. exd4 Bf6 17. Be3 Na6 18. Nc3 Re8 19. Qg6 Re6 20.
Rad1 Bh4 21. Qf5 g6 22. Qh3 Bf6 23. d5 Rd6 24. Ne4 Be5 25. Nxd6 Qxd6 26.
dxc6 Qxc6 27. Rc1 Qf6 28. Qc8+ Kh7 29. Qxb7+ Nc7 30. Rxc7+ Bxc7 31. Qxc7+
Kg8 32. Rd1 {Black resigns} 1-0

[Event "ICC tourney 2087 (3 2)"]
[Site "Internet Chess Club"]
[Date "2020.10.30"]
[Round "1"]
[White "Ben2008"]
[Black "kurumania"]
[Result "0-1"]
[ICCResult "White resigns"]
[WhiteElo "1431"]
[BlackElo "2767"]
[Opening "Scotch: Schmidt variation"]
[ECO "C45"]
[NIC "SO.04"]
[Time "20:02:57"]
[TimeControl "180+2"]

1. e4 e5 2. Nf3 Nc6 3. d4 exd4 4. Nxd4 Nf6 5. Nc3 Bb4 6. Nxc6 bxc6 7. Bd3
O-O 8. O-O Re8 9. Re1 Bd6 10. Bg5 Rb8 11. Rb1 h6 12. Bh4 Be5 13. Qd2 d6 14.
Nd1 g5 15. Bg3 Bxg3 16. hxg3 Ng4 17. Ne3 Ne5 18. b3 Qf6 19. Qe2 Kg7 20. Rf1
g4 21. f4 gxf3 22. gxf3 Rg8 23. Kh2 Kh8 24. Qg2 Bd7 25. Rf2 Rg7 26. Nf5 Bxf5
27. exf5 Rbg8 28. g4 Qh4+ 29. Kg1 Nxg4 {White resigns} 0-1

[Event "ICC tourney 2087 (3 2)"]
[Site "Internet Chess Club"]
[Date "2020.10.30"]
[Round "1"]
[White "TjkTiger"]
[Black "ramennoodle"]
[Result "1-0"]
[ICCResult "Black resigns"]
[WhiteElo "2343"]
[BlackElo "1268"]
[Opening "English: Mikenas-Carls variation"]
[ECO "A18"]
[NIC "EO.64"]
[Time "20:02:57"]
[TimeControl "180+2"]

1. c4 Nf6 2. Nc3 e6 3. e4 d6 4. d4 Be7 5. Nge2 O-O 6. g3 c5 7. Bg2 cxd4 8.
Nxd4 Nc6 9. O-O Bd7 10. Be3 Nxd4 11. Bxd4 Bc6 12. Rc1 Rc8 13. b3 b6 14. Re1
Nd7 15. Qe2 Bf6 16. Red1 Qe7 17. Rd2 Rfd8 18. Bxf6 Nxf6 19. Rcd1 Rd7 20. h3
h6 21. a4 Ne8 22. Nb5 Rcd8 23. h4 a6 24. Nc3 Qf6 25. e5 Qxe5 26. Bxc6 Qxc3
27. Rd3 Qf6 28. Bxd7 Rxd7 29. Qe4 g6 30. Qc6 Rc7 31. Qxe8+ {Black resigns}
1-0

[Event "ICC tourney 2087 (3 2)"]
[Site "Internet Chess Club"]
[Date "2020.10.30"]
[Round "1"]
[White "MrNormalName"]
[Black "manest"]
[Result "0-1"]
[ICCResult "White checkmated"]
[WhiteElo "1857"]
[BlackElo "2729"]
[Opening "Old Indian defense"]
[ECO "A42"]
[NIC "OI.07"]
[Time "20:03:31"]
[TimeControl "180+2"]

1. d4 d6 2. c4 e5 3. d5 Be7 4. Nc3 Bg5 5. e3 f5 6. Nf3 Be7 7. e4 f4 8. g3
Nf6 9. gxf4 exf4 10. Bxf4 O-O 11. Be3 Ng4 12. Bd4 c5 13. Be3 Nxe3 14. fxe3
Bh4+ 15. Kd2 Bg4 16. Be2 Bxf3 17. Bxf3 Nd7 18. Qe2 Ne5 19. Raf1 b5 20. Nxb5
Qa5+ 21. Nc3 Rab8 22. Kc2 Bf6 23. Bg2 Rb4 24. b3 Nxc4 25. bxc4 Rb2+ 26. Kd1
Qxc3 27. Qxb2 Qxb2 28. Bh3 Rb8 29. Be6+ Kh8 30. Rhg1 Qxa2 31. Rxf6 Rb1#
{White checkmated}
0-1

[Event "ICC tourney 2087 (3 2)"]
[Site "Internet Chess Club"]
[Date "2020.10.30"]
[Round "1"]
[White "DarwinLaylo01"]
[Black "clair"]
[Result "1-0"]
[ICCResult "Black checkmated"]
[WhiteElo "1485"]
[BlackElo "1254"]
[Opening "English opening"]
[ECO "A10"]
[NIC "EO.64"]
[Time "20:02:57"]
[TimeControl "180+2"]

1. c4 g6 2. Nc3 Bg7 3. g3 e6 4. Bg2 Ne7 5. e4 O-O 6. Nge2 Re8 7. O-O d5 8.
exd5 exd5 9. cxd5 Bg4 10. Qb3 Qc8 11. d4 Bxe2 12. Nxe2 Nd7 13. Be3 Nb6 14.
Rac1 Rd8 15. Nc3 a6 16. Rfe1 Rb8 17. Bg5 Nexd5 18. Bxd8 Nxc3 19. Qxc3 Qxd8
20. Qxc7 Bxd4 21. Qxd8+ Rxd8 22. Rcd1 Bf6 23. Rxd8+ Bxd8 24. Re8+ Kg7 25.
Rxd8 Nc4 26. b3 Ne5 27. Rb8 b5 28. Rb6 a5 29. Rxb5 Nd7 30. Rxa5 Nb6 31. b4
h5 32. Ra7 Kf6 33. Ra6 g5 34. Rxb6+ Ke5 35. a4 h4 36. a5 g4 37. a6 h3 38. a7
f5 39. a8=Q hxg2 40. Qa5+ Ke4 41. Re6+ Kd3 42. Qd5+ Kc3 43. Re3+ Kxb4 44.
Rb3+ Ka4 45. Qb5# {Black checkmated} 1-0

[Event "ICC tourney 2087 (3 2)"]
[Site "Internet Chess Club"]
[Date "2020.10.30"]
[Round "1"]
[White "Goran21"]
[Black "turbopawn"]
[Result "0-1"]
[ICCResult "White checkmated"]
[WhiteElo "1949"]
[BlackElo "2573"]
[Opening "Sicilian"]
[ECO "B50"]
[NIC "SI.01"]
[Time "20:02:52"]
[TimeControl "180+2"]

1. e4 c5 2. Nf3 d6 3. c3 Nf6 4. Be2 g6 5. O-O Bg7 6. Re1 O-O 7. Bf1 Nc6 8.
d3 e5 9. Nbd2 h6 10. a3 Ne8 11. b4 Nc7 12. Bb2 a6 13. Qc2 Ne6 14. Rad1 Kh8
15. Nb3 f5 16. d4 cxd4 17. cxd4 fxe4 18. Qxe4 d5 19. Qxg6 Nf4 20. Qg3 e4 21.
Ne5 Nxe5 22. dxe5 Nh5 23. Qg6 Nf4 24. Qg3 Qe7 25. Nd2 Bxe5 26. Bxe5+ Qxe5
27. Nf3 Qf6 28. Nd4 Rg8 29. Qc3 Nh3+ 30. Kh1 Nxf2+ 31. Kg1 Nxd1 32. Rxd1 Bg4
33. Re1 Rgf8 34. Qe3 Rac8 35. h3 Bd7 36. Be2 Qg5 37. Qb3 Rg8 38. Bf1 Rcf8
39. Qb2 Qf6 40. Qd2 Bxh3 41. Re3 Qxf1+ 42. Kh2 Rxg2+ 43. Kxh3 Qh1#
{White checkmated}
0-1

[Event "ICC tourney 2087 (3 2)"]
[Site "Internet Chess Club"]
[Date "2020.10.30"]
[Round "1"]
[White "gdavis23"]
[Black "aplusk"]
[Result "0-1"]
[ICCResult "White checkmated"]
[WhiteElo "1706"]
[BlackElo "2717"]
[Opening "Sicilian: Canal-Sokolsky (Nimzovich-Rossolimo, Moscow) attack"]
[ECO "B51"]
[NIC "SI.01"]
[Time "20:02:50"]
[TimeControl "180+2"]

1. e4 c5 2. Nf3 d6 3. Bb5+ Nd7 4. Bxd7+ Bxd7 5. O-O Rc8 6. h3 Nf6 7. Re1 e6
8. d3 Be7 9. Nh2 O-O 10. f4 c4 11. d4 d5 12. e5 Ne4 13. Nd2 c3 14. Nxe4 cxb2
15. Nf6+ Bxf6 16. Bxb2 Bh4 17. Re3 Ba4 18. Rc1 Qb6 19. Ba3 Rfe8 20. Kh1 Rc4
21. Qh5 Qxd4 22. Rd3 Qxf4 23. Rf1 g6 24. Rxf4 gxh5 25. Rxc4 dxc4 26. Rd4 Bg3
27. Rxc4 Bc6 28. Nf1 Bxe5 29. Rh4 Bf6 30. Rxh5 Rd8 31. Ne3 Rd2 32. Bc5 b6
33. Bb4 Re2 34. Ng4 Bxg2+ 35. Kh2 Bg7 36. Kg3 Rxc2 37. Rg5 Kh8 38. Be7 Bd5
39. Nh6 Rg2+ 40. Kh4 Rxg5 41. Nxf7+ Kg8 42. Nxg5 Bxa2 43. Bd6 Bf6 44. Kh5
Bd5 45. Bb8 a5 46. Bc7 a4 47. Bxb6 a3 48. Kh6 Bg7+ 49. Kh5 a2 50. Be3 a1=Q
51. Bf4 Qf6 52. Bg3 Bh6 53. h4 Bb3 54. Be5 Bd1+ 55. Nf3 Bxf3# {White
checkmated} 0-1

[Event "ICC tourney 2087 (3 2)"]
[Site "Internet Chess Club"]
[Date "2020.10.30"]
[Round "1"]
[White "GGuseinov"]
[Black "spellking98"]
[Result "1-0"]
[ICCResult "Black resigns"]
[WhiteElo "2860"]
[BlackElo "1811"]
[Opening "Pirc: classical system, 5.Be2"]
[ECO "B08"]
[NIC "PU.03"]
[Time "20:02:50"]
[TimeControl "180+2"]

1. e4 d6 2. d4 Nf6 3. Nc3 g6 4. Nf3 Bg7 5. Be2 O-O 6. O-O c6 7. a4 Qc7 8.
Be3 e5 9. dxe5 dxe5 10. Nd2 Rd8 11. a5 Qe7 12. f3 Be6 13. Qe1 Nbd7 14. Qf2
b6 15. Na4 c5 16. Rfd1 Bf8 17. axb6 axb6 18. Bb5 Ra5 19. Nc3 Rxa1 20. Rxa1
h6 21. Nc4 Bxc4 22. Bxc4 Nb8 23. Qg3 Kh7 24. Nd5 Nxd5 25. Bxd5 Qc7 26. h4
Bd6 27. h5 g5 28. Qg4 Qd7 29. Qxd7 Rxd7 30. Ra8 Kg7 31. Kf2 Bc7 32. Ke2 Kf6
33. c3 Ke7 34. Kd3 f5 35. Kc4 f4 36. Bf2 Kd6 37. Kb5 Rd8 38. Ra1 Nd7 39. Rd1
Ke7 40. b4 cxb4 41. cxb4 Nf6 42. Kc6 Bd6 43. Bxb6 Rc8+ 44. Kb5 Nxh5 45. Bb7
Rb8 46. Kc6 Bxb4 47. Bc7 Rg8 48. Rd7+ Kf6 49. Kb5 Bf8 50. Rd8 Kg7 51. Bxe5+
Kh7 52. Bd5 Ng7 53. Bxg8+ Kxg8 54. Bd6 Ne6 55. Re8 Kf7 56. Rxe6 Kxe6 57.
Bxf8 h5 58. Bh6 g4 59. Bxf4 gxf3 60. gxf3 h4 61. Bh2 h3 62. f4 Kf6 63. Kc5
Ke6 64. f5+ Kf6 65. Kd6 Kf7 66. e5 {Black resigns} 1-0

[Event "ICC tourney 2087 (3 2)"]
[Site "Internet Chess Club"]
[Date "2020.10.30"]
[Round "1"]
[White "jy2020"]
[Black "Alec-hine"]
[Result "1-0"]
[ICCResult "Black forfeits on time"]
[WhiteElo "1714"]
[BlackElo "1665"]
[Opening "French: Winawer, advance, positional main line"]
[ECO "C19"]
[NIC "FR.12"]
[Time "20:02:51"]
[TimeControl "180+2"]

1. e4 e6 2. d4 d5 3. Nc3 Bb4 4. e5 c5 5. a3 Bxc3+ 6. bxc3 Ne7 7. Nf3 Qa5 8.
Bd2 Nbc6 9. Bd3 c4 10. Be2 Bd7 11. a4 O-O-O 12. O-O h6 13. Ne1 Rdg8 14. g3
Nf5 15. Ng2 g6 16. f4 Be8 17. g4 Nfe7 18. Qe1 h5 19. h3 hxg4 20. hxg4 Qd8
21. Qg3 Rh7 22. Ne3 Rgh8 23. Kg2 Bd7 24. Rh1 Qg8 25. Raf1 Rxh1 26. Rxh1 Rxh1
27. Kxh1 Qh7+ 28. Qh2 Qxh2+ 29. Kxh2 a6 30. Kh3 b5 31. axb5 axb5 32. Nd1 b4
33. Kh4 bxc3 34. Bxc3 Kd8 35. Kg5 Ke8 36. Kf6 Nc8 37. Bb2 Nb6 38. c3 Na4 39.
Ba3 Na7 40. Bf3 Nb5 41. Bb4 Na7 42. f5 gxf5 43. gxf5 Nc6 44. Bd6 Na5 45. Bh5
Nb3 46. Bxf7+ Kd8 47. fxe6 Be8 48. e7+ Kd7 49. e6+ Kxd6 50. Bxe8
{Black forfeits on time}
1-0

[Event "ICC tourney 2087 (3 2)"]
[Site "Internet Chess Club"]
[Date "2020.10.30"]
[Round "1"]
[White "challenger2010"]
[Black "jsl1996"]
[Result "1/2-1/2"]
[ICCResult "Game drawn because neither player has mating material"]
[WhiteElo "1914"]
[BlackElo "2102"]
[Opening "Sicilian: Najdorf, 6.Bg5"]
[ECO "B94"]
[NIC "SI.04"]
[Time "20:02:49"]
[TimeControl "180+2"]

1. e4 c5 2. Nf3 d6 3. d4 cxd4 4. Nxd4 Nf6 5. Nc3 a6 6. Bg5 Nbd7 7. Bc4 Qb6
8. Bb3 e6 9. Qd2 Be7 10. O-O-O Nc5 11. Rhe1 h6 12. Bh4 O-O 13. Nf5 exf5 14.
exf5 Qd8 15. Rxe7 Nxb3+ 16. axb3 Qxe7 17. Nd5 Nxd5 18. Bxe7 Nxe7 19. f6 Ng6
20. fxg7 Kxg7 21. Qxd6 Be6 22. Qd4+ Kh7 23. f4 Rac8 24. Rd3 Bf5 25. Rc3 Rxc3
26. bxc3 Be6 27. Qe4 Bc8 28. f5 Nh8 29. g4 Kg8 30. Qf4 Kg7 31. h4 f6 32. g5
fxg5 33. hxg5 Bxf5 34. gxh6+ Kh7 35. Qd6 Rf7 36. c4 Bg6 37. c5 Rf2 38. c4
Nf7 39. Qc7 Be4 40. b4 Kxh6 41. b5 Rf6 42. c6 Bxc6 43. bxc6 bxc6 44. Qb6 Ne5
45. Qxa6 Kg6 46. Qc8 Rf3 47. Qg8+ Kf6 48. Kd2 Rf4 49. c5 Rd4+ 50. Ke3 Rd5
51. Ke4 Nd7 52. Qh8+ Ke6 53. Qh6+ Nf6+ 54. Ke3 Rxc5 55. Qh3+ Kd6 56. Qg3+
Re5+ 57. Kd4 c5+ 58. Kc4 Nd7 59. Qg6+ Re6 60. Qd3+ Kc7 61. Qg3+ Rd6 62. Qf4
Kc6 63. Qe4+ Kb6 64. Qb1+ Ka7 65. Qa2+ Kb7 66. Qb2+ Rb6 67. Qg2+ Kc7 68.
Qg3+ Kc8 69. Qg8+ Kb7 70. Qd5+ Kc7 71. Qg8 Rb4+ 72. Kc3 Rd4 73. Qg3+ Kc6 74.
Qg6+ Rd6 75. Qe4+ Kb6 76. Qb1+ Kc7 77. Qe4 Nb6 78. Qh7+ Kc6 79. Qe4+ Rd5 80.
Qe6+ Kb5 81. Qe8+ Rd7 82. Qe2+ c4 83. Qe5+ Rd5 84. Qe8+ Nd7 85. Qe4 Rd3+ 86.
Qxd3 cxd3 87. Kxd3 {Game drawn because neither player has mating material}
1/2-1/2

[Event "ICC tourney 2087 (3 2)"]
[Site "Internet Chess Club"]
[Date "2020.10.30"]
[Round "1"]
[White "speedskater"]
[Black "MiamiBoy"]
[Result "1-0"]
[ICCResult "Black resigns"]
[WhiteElo "1865"]
[BlackElo "1701"]
[Opening "QGD: Ragozin variation"]
[ECO "D38"]
[NIC "NI.27"]
[Time "20:02:51"]
[TimeControl "180+2"]

1. d4 Nf6 2. c4 e6 3. Nf3 d5 4. Nc3 Bb4 5. Qb3 Bxc3+ 6. Qxc3 O-O 7. Bg5 Nbd7
8. e3 h6 9. Bh4 Qe8 10. Qc2 c6 11. Bd3 b6 12. cxd5 cxd5 13. Qc6 Rb8 14. Bg3
Bb7 15. Qc7 Qd8 16. O-O Qxc7 17. Bxc7 Rbc8 18. Bd6 Rfe8 19. Rfc1 Rxc1+ 20.
Rxc1 Rc8 21. Rxc8+ Bxc8 22. Kf1 Ne8 23. Bg3 f5 24. Ke2 Kf7 25. Kd2 Ke7 26.
Ne5 Nxe5 27. Bxe5 Nf6 28. f3 g5 29. Kc3 Nd7 30. Bc7 Nf6 31. Bb8 a6 32. Bc7
Nd7 33. g4 fxg4 34. fxg4 Kf6 35. h3 e5 36. Bf5 e4 37. Kb4 Ke7 38. a4 Bb7 39.
Bxd7 Kxd7 40. Bxb6 Kc6 41. Bc5 Bc8 42. Bf8 h5 43. gxh5 Bxh3 44. h6 Bf5 45.
Be7 g4 46. Bh4 Bg6 47. Ka5 Kb7 48. Bg3 Bf5 49. b4 Bg6 50. b5 axb5 51. Kxb5
Bh7 52. Bf4 Ka7 53. Kc6 Bg8 54. Kd7 Ka6 55. Ke7 Ka5 56. Kf8 Bh7 57. Kg7 Bf5
58. h7 Bxh7 59. Kxh7 Kxa4 60. Kg6 Kb4 61. Kf5 g3 62. Bxg3 Kc4 63. Bf4 Kd3
64. Ke6 Kc4 65. Kd6 {Black resigns} 1-0

[Event "ICC tourney 2087 (3 2)"]
[Site "Internet Chess Club"]
[Date "2020.10.30"]
[Round "2"]
[White "manest"]
[Black "Openyagami"]
[Result "0-1"]
[ICCResult "White resigns"]
[WhiteElo "2713"]
[BlackElo "2736"]
[Opening "Réti opening"]
[ECO "A04"]
[NIC "QP.10"]
[Time "20:14:59"]
[TimeControl "180+2"]

1. Nf3 c5 2. c3 d5 3. d4 Nf6 4. dxc5 g6 5. b4 Bg7 6. Bb2 O-O 7. e3 Ne4 8.
Nfd2 Nc6 9. Nxe4 dxe4 10. Qxd8 Rxd8 11. Nd2 Nxb4 12. cxb4 Bxb2 13. Rd1 Bc3
14. a3 Be6 15. Ke2 Rd7 16. Nxe4 Bc4+ 17. Kf3 Rxd1 18. Bxc4 Rxh1 19. Nxc3 Rc1
{White resigns}
0-1

[Event "ICC tourney 2087 (3 2)"]
[Site "Internet Chess Club"]
[Date "2020.10.30"]
[Round "2"]
[White "clair"]
[Black "Goran21"]
[Result "0-1"]
[ICCResult "White resigns"]
[WhiteElo "1253"]
[BlackElo "1950"]
[Opening "Queen's pawn: London system"]
[ECO "A45"]
[NIC "QP.07"]
[Time "20:14:50"]
[TimeControl "180+2"]

1. d4 Nf6 2. Bf4 g6 3. Nc3 d5 4. Nf3 Bg7 5. e3 O-O 6. Be2 c5 7. Ne5 cxd4 8.
exd4 Nc6 9. f3 Qb6 10. Nxc6 bxc6 11. Na4 Qa5+ 12. c3 Nh5 13. Bd2 e5 14. O-O
Nf4 15. Nc5 Nxe2+ 16. Qxe2 exd4 17. cxd4 Bxd4+ 18. Be3 Qxc5 19. Bxd4 Qxd4+
20. Kh1 Qb6 21. b3 Ba6 22. h4 Bxe2 {White resigns} 0-1

[Event "ICC tourney 2087 (3 2)"]
[Site "Internet Chess Club"]
[Date "2020.10.30"]
[Round "2"]
[White "turbopawn"]
[Black "DarwinLaylo01"]
[Result "1-0"]
[ICCResult "Black resigns"]
[WhiteElo "2573"]
[BlackElo "1657"]
[Opening "Réti opening"]
[ECO "A05"]
[NIC "QP.11"]
[Time "20:14:48"]
[TimeControl "180+2"]

1. Nf3 Nf6 2. g3 c6 3. Bg2 d6 4. d4 Nbd7 5. O-O g6 6. b3 Bg7 7. Bb2 O-O 8.
Nbd2 a6 9. e4 b5 10. Re1 Bb7 11. e5 Nd5 12. e6 fxe6 13. Ng5 Qb6 14. Nxe6 Rf7
15. Ne4 N7f6 16. N4g5 Re8 17. Nxf7 Kxf7 18. c4 Nc7 19. c5 Qa5 20. b4
{Black resigns}
1-0

[Event "ICC tourney 2087 (3 2)"]
[Site "Internet Chess Club"]
[Date "2020.10.30"]
[Round "2"]
[White "jsl1996"]
[Black "jy2020"]
[Result "1-0"]
[ICCResult "Black resigns"]
[WhiteElo "2103"]
[BlackElo "1713"]
[Opening "Nimzo-Indian: Kmoch variation"]
[ECO "E20"]
[NIC "NI.30"]
[Time "20:14:49"]
[TimeControl "180+2"]

1. d4 Nf6 2. c4 e6 3. Nc3 Bb4 4. f3 d5 5. a3 Bxc3+ 6. bxc3 O-O 7. cxd5 exd5
8. e3 c5 9. Bd3 b6 10. Ne2 Ba6 11. O-O Bxd3 12. Qxd3 Re8 13. Ng3 Nc6 14. Bb2
Rc8 15. Rad1 Qc7 16. e4 cxd4 17. cxd4 dxe4 18. fxe4 Rcd8 19. Rxf6 gxf6 20.
Nh5 Rd6 21. Qg3+ Kf8 22. Nxf6 Ree6 23. d5 Rxf6 24. Bxf6 Qc8 25. Qxd6+
{Black resigns}
1-0

[Event "ICC tourney 2087 (3 2)"]
[Site "Internet Chess Club"]
[Date "2020.10.30"]
[Round "2"]
[White "IndianTerritory"]
[Black "MrNormalName"]
[Result "0-1"]
[ICCResult "White checkmated"]
[WhiteElo "1774"]
[BlackElo "1870"]
[Opening "Giuoco Pianissimo"]
[ECO "C50"]
[NIC "IG.02"]
[Time "20:15:39"]
[TimeControl "180+2"]

1. e4 e5 2. Nf3 Nc6 3. Bc4 Bc5 4. d3 Nf6 5. c3 a6 6. b4 Ba7 7. Bg5 h6 8. Bh4
d6 9. O-O g5 10. Bg3 Qe7 11. h3 Nh5 12. Bh2 Nf4 13. Na3 g4 14. hxg4 Bxg4 15.
Bxf4 exf4 16. Bd5 Ne5 17. Bxb7 Bxf3 18. Qa4+ Kf8 19. Nc2 Bxg2 20. Nd4 Qg5
21. f3 Bxf3+ 22. Kf2 Qg3# {White checkmated} 0-1

[Event "ICC tourney 2087 (3 2)"]
[Site "Internet Chess Club"]
[Date "2020.10.30"]
[Round "2"]
[White "ramennoodle"]
[Black "cjconstantine"]
[Result "1-0"]
[ICCResult "Black resigns"]
[WhiteElo "1271"]
[BlackElo "1214"]
[Opening "Réti opening"]
[ECO "A04"]
[NIC "QP.11"]
[Time "20:14:47"]
[TimeControl "180+2"]

1. Nf3 e6 2. g3 Nf6 3. Bg2 Be7 4. O-O Nc6 5. d4 d5 6. c4 O-O 7. e3 Re8 8. b3
Bf8 9. Bb2 dxc4 10. bxc4 Na5 11. Nbd2 c5 12. Qc2 cxd4 13. exd4 Nc6 14. Rad1
Qb6 15. Nb3 Bd7 16. d5 exd5 17. cxd5 Nb4 18. Qb1 Nbxd5 19. Ng5 Bc6 20. Bxd5
Bxd5 21. Bxf6 Be4 22. Nxe4 gxf6 23. Rfe1 Bb4 24. Nbd2 f5 25. Nf6+ Qxf6 26.
Qxb4 Rxe1+ 27. Rxe1 a5 28. Qxb7 Rd8 29. Nf1 h5 30. Qe7 Qb6 31. Qg5+ Kf8 32.
Qxh5 Qf6 33. Ne3 Rd2 34. Qf3 Rxa2 35. Nxf5 Qd8 36. Qg4 Qf6 37. Qe4 Qd8 38.
Qe5 f6 39. Qc5+ Kf7 40. Qc4+ Kg6 41. Nh4+ Kg7 42. Qxa2 Qd2 43. Qxd2 a4 44.
Nf5+ {Black resigns} 1-0

[Event "ICC tourney 2087 (3 2)"]
[Site "Internet Chess Club"]
[Date "2020.10.30"]
[Round "2"]
[White "aplusk"]
[Black "GGuseinov"]
[Result "1/2-1/2"]
[ICCResult "Game drawn by repetition"]
[WhiteElo "2723"]
[BlackElo "2854"]
[Opening "Queen's pawn game"]
[ECO "A45"]
[NIC "QP.07"]
[Time "20:14:50"]
[TimeControl "180+2"]

1. d4 Nf6 2. c3 g6 3. Nf3 Bg7 4. Bf4 O-O 5. Nbd2 d6 6. h3 b6 7. e3 Bb7 8.
Bc4 Nbd7 9. a4 a6 10. Bh2 Ne4 11. Nxe4 Bxe4 12. O-O e5 13. dxe5 Nxe5 14.
Nxe5 dxe5 15. Qe2 Bb7 16. Rfd1 Qe7 17. Bd5 c6 18. Bb3 b5 19. Rd2 Rad8 20.
Rad1 Bc8 21. Qf3 Rxd2 22. Rxd2 Be6 23. Bxe6 Qxe6 24. Qd1 h5 25. Bg3 Qc4 26.
axb5 axb5 27. Rd6 h4 28. Bh2 Ra8 29. Rd8+ Rxd8 30. Qxd8+ Kh7 31. g4 f6 32.
Qd7 Qe4 33. Qe7 Qb1+ 34. Kg2 Qe4+ 35. Kg1 Qb1+ 36. Kg2 Qe4+ 37. Kg1 g5 38.
Qe8 Qb1+ 39. Kg2 Qe4+ 40. Kg1 Qb1+ 41. Kg2 Qe4+ 42. Kg1 Qb1+ 43. Kg2 Qe4+
{Game drawn by repetition}
1/2-1/2

[Event "ICC tourney 2087 (3 2)"]
[Site "Internet Chess Club"]
[Date "2020.10.30"]
[Round "2"]
[White "kurumania"]
[Black "speedskater"]
[Result "1-0"]
[ICCResult "Black forfeits on time"]
[WhiteElo "2767"]
[BlackElo "1865"]
[Opening "French: Winawer, advance, 6...Ne7"]
[ECO "C18"]
[NIC "FR.09"]
[Time "20:14:57"]
[TimeControl "180+2"]

1. e4 e6 2. d4 d5 3. Nc3 Bb4 4. e5 Ne7 5. a3 Bxc3+ 6. bxc3 c5 7. h4 Qc7 8.
Nf3 b6 9. h5 h6 10. a4 Ba6 11. Bb5+ Bxb5 12. axb5 a5 13. O-O Nd7 14. Ra4 O-O
15. Re1 Rac8 16. Re2 Kh8 17. Ba3 f6 18. exf6 Rxf6 19. c4 Nf5 20. cxd5 exd5
21. dxc5 Nxc5 22. Rg4 Ne4 23. Bb2 Rd6 24. Ne5 Nf6 25. Ng6+ Kh7 26. Bxf6 Rxf6
27. Qxd5 Nd6 28. Qd3 Nf5 29. g3 {Black forfeits on time} 1-0

[Event "ICC tourney 2087 (3 2)"]
[Site "Internet Chess Club"]
[Date "2020.10.30"]
[Round "2"]
[White "MiamiBoy"]
[Black "Ben2008"]
[Result "1-0"]
[ICCResult "Black resigns"]
[WhiteElo "1707"]
[BlackElo "1425"]
[Opening "Sicilian: Najdorf"]
[ECO "B90"]
[NIC "SI.14"]
[Time "20:14:51"]
[TimeControl "180+2"]

1. e4 c5 2. Nf3 d6 3. d4 cxd4 4. Nxd4 Nf6 5. Nc3 a6 6. f3 e6 7. Be3 b5 8.
Qd2 Nbd7 9. O-O-O b4 10. Nce2 d5 11. exd5 Nxd5 12. Kb1 Bb7 13. Ng3 Bc5 14.
Bf2 Qb6 15. Ne4 Qc7 16. Nb3 Bxf2 17. Qxf2 Rc8 18. Bd3 a5 19. Qd4 Rg8 20.
Rhe1 a4 21. Na1 Bc6 22. Bc4 a3 23. Bxd5 Bxd5 24. b3 Qb6 25. Qxb6 Nxb6 26.
Nd6+ Ke7 27. Nxc8+ Rxc8 28. c4 bxc3 29. Kc2 Nd7 30. Rxd5 {Black resigns} 1-0

[Event "ICC tourney 2087 (3 2)"]
[Site "Internet Chess Club"]
[Date "2020.10.30"]
[Round "2"]
[White "spellking98"]
[Black "gdavis23"]
[Result "0-1"]
[ICCResult "White checkmated"]
[WhiteElo "1808"]
[BlackElo "1832"]
[Opening "Petrov: Nimzovich attack"]
[ECO "C42"]
[NIC "RG.03"]
[Time "20:14:44"]
[TimeControl "180+2"]

1. e4 e5 2. Nf3 Nf6 3. Nxe5 d6 4. Nf3 Nxe4 5. Nc3 Nxc3 6. dxc3 Be7 7. Be3
Nc6 8. Bd3 Bg4 9. h3 Bh5 10. g4 Bg6 11. Qd2 a6 12. O-O-O Qd7 13. Rhe1 O-O
14. Bf4 Rab8 15. Rg1 b5 16. h4 Qe6 17. Kb1 b4 18. c4 Na5 19. b3 Bf6 20. h5
Bxd3 21. Qxd3 Nb7 22. Nd4 Qd7 23. g5 Nc5 24. Qf3 Bxd4 25. Rxd4 Qf5 26. Rd5
Qe6 27. Be3 Ne4 28. Rd3 Nc3+ 29. Kb2 Rfe8 30. Bd4 Ne4 31. g6 fxg6 32. hxg6
h6 33. Be3 Qe5+ 34. Bd4 Qe6 35. Kb1 c5 36. Bb2 Rf8 37. Qe3 Rbe8 38. f3 Nc3+
39. Bxc3 Qxe3 40. Rxe3 Rxe3 41. Bd2 Rexf3 42. Bc1 Rf1 43. Rg3 Rd1 44. Rd3
Rff1 45. Rxd1 Rxd1 46. c3 bxc3 47. Kc2 Rg1 48. Be3 Rxg6 49. Kxc3 Rg3 50. Kd3
h5 51. Ke4 h4 52. Bf4 Rg2 53. Bxd6 h3 54. Kf3 Rxa2 55. Kg4 h2 56. Bxh2 Rxh2
57. Kf5 Rb2 58. Ke5 Rxb3 59. Kd5 a5 60. Kxc5 a4 61. Kd6 a3 62. c5 a2 63. c6
a1=Q 64. c7 Qd4+ 65. Ke7 Re3# {White checkmated} 0-1

[Event "ICC tourney 2087 (3 2)"]
[Site "Internet Chess Club"]
[Date "2020.10.30"]
[Round "2"]
[White "funplaychess"]
[Black "TjkTiger"]
[Result "1-0"]
[ICCResult "Black resigns"]
[WhiteElo "1632"]
[BlackElo "2314"]
[Opening "Grünfeld: modern exchange variation"]
[ECO "D85"]
[NIC "GI.04"]
[Time "20:14:45"]
[TimeControl "180+2"]

1. d4 Nf6 2. c4 g6 3. Nc3 d5 4. cxd5 Nxd5 5. e4 Nxc3 6. bxc3 Bg7 7. Nf3 c5
8. Rb1 O-O 9. Be2 cxd4 10. cxd4 Qa5+ 11. Bd2 Qxa2 12. O-O Bg4 13. Bg5 h6 14.
Be3 Nc6 15. d5 Ne5 16. Bc5 a5 17. Bxe7 Rfe8 18. Rxb7 a4 19. d6 a3 20. Bb5
Reb8 21. Rxb8+ Rxb8 22. d7 Bxd7 23. Bxd7 Qb2 24. Bxa3 Qxa3 25. Nxe5 Bxe5 26.
Qd5 Qc3 27. Bh3 Rb2 28. g3 Bd4 29. e5 Rxf2 30. Kh1 Qd2 31. Rxf2 Qxf2 32. Qg2
Qe1+ 33. Qf1 Qxe5 34. Bg2 h5 35. Qf3 Bc5 36. h4 Qe1+ 37. Kh2 Bg1+ 38. Kh3
Qe6+ 39. g4 hxg4+ 40. Qxg4 Qe3+ 41. Qf3 Qe5 42. Qg3 Qc5 43. Bf3 Bf2 44. Qg4
Kf8 45. h5 gxh5 46. Qxh5 Qe3 47. Qg4 Qe5 48. Qe4 Qg5 49. Qg4 Qh6+ 50. Qh5
Qf4 51. Qg4 Qc1 52. Qb4+ Bc5 53. Qb8+ Kg7 54. Qe5+ Kg8 55. Qb8+ Bf8 56. Qg3+
Bg7 57. Kg2 Qd2+ 58. Qf2 Qd7 59. Qg3 Qd8 60. Qf2 Be5 61. Kf1 Qd3+ 62. Qe2
Qb1+ 63. Qe1 Qf5 64. Qe4 Qf6 65. Qg4+ Kf8 66. Kg2 Bf4 67. Qc8+ Ke7 68. Qb7+
Kf8 69. Qc8+ Kg7 70. Qg4+ Bg5 71. Kf1 Qd8 72. Kg2 Qd2+ 73. Be2 f5 74. Qf3
Bf4 75. Qd3 Qe1 76. Qd7+ Kf6 77. Qd8+ Kg7 78. Qe7+ Kh6 79. Qf6+ Kh7 80.
Qxf5+ Kh8 81. Qf8+ Kh7 82. Bd3+ {Black resigns} 1-0